Map: Para Site LE

Players

Lambo - Winner!

  • Race: Zerg Zerg
  • League: Grandmaster
  • Spawn Location: 11:00

Guru

  • Race: Zerg Zerg
  • Spawn Location: 5:00

VOD

Have the link to the VOD?

Description

Time

  • Played on: Dec. 31, 2018, 8:19 a.m.
  • Length: 15:37
Show
View Real Time Build Order
Export as new Build Order

Lambo Zerg - Winner!

Build Orders: Pool First, Muta Ling Bane 

Get SALT Encoding   

  12  0:20  Spawning Pool  
  11  0:22  Drone  
  11  0:27  Drone  
  13  0:32  Drone  
  14  0:44  Overlord  
  14  1:07  Zergling x6  
  17  1:19  Hatchery, Zergling x2  
  17  1:28  Queen  
  19  1:33  Drone  
  20  1:43  Drone  
  21  1:51  Drone  
  22  2:01  Overlord  
  22  2:10  Queen, Extractor x2  
  23  2:23  Drone x2  
  22  2:31  Queen  
  22  2:32  Drone  
  22  2:35  Drone  
  26  2:38  Drone  
  26  2:43  Zergling x4  
  29  2:48  Queen  
  31  2:52  Overlord  
  31  2:53  Drone  
  32  2:58  Drone  
  32  2:59  Drone  
  32  3:03  Drone  
  35  3:17  Drone  
  35  3:18  Drone  
  37  3:20  Drone x2  
  37  3:21  Drone  
  37  3:24  Extractor  
  37  3:25  Extractor  
  38  3:27  Evolution Chamber  
  38  3:29  Drone x2  
  38  3:33  Drone  
  38  3:34  Roach Warren  
  39  3:37  Drone  
  39  3:39  Drone  
  39  3:40  Drone x2  
  43  3:45  Overlord  
  43  3:47  Drone  
  44  3:57  Extractor  
  44  3:58  Drone  
  44  3:59  Extractor  
  44  4:00  Drone  
  44  4:05  Drone  
  44  4:08  Zerg Melee Weapons Level 1  
  44  4:09  Drone x5  
  50  4:14  Overlord  
  50  4:18  Drone  
  50  4:19  Drone  
  51  4:25  Overlord  
  51  4:28  Metabolic Boost  
  51  4:33  Drone x2  
  53  4:39  Lair  
  53  4:40  Overlord  
  53  4:41  Zergling x4  
  53  4:44  Zergling x4  
  57  4:52  Evolution Chamber, Zergling x6  
  59  4:59  Overlord  
  59  5:03  Zergling x2  
  59  5:06  Zergling x10  
  65  5:11  Overlord  
  65  5:13  Drone  
  66  5:22  Zergling x4  
  66  5:24  Drone  
  69  5:39  Hatchery  
  69  5:40  Spire  
  67  5:43  Drone  
  67  5:44  Zergling x12  
  74  5:50  Zerg Ground Armor Level 1  
  74  5:55  Drone  
  75  5:57  Drone x2  
  75  6:03  Zerg Melee Weapons Level 2  
  77  6:05  Drone x3  
  80  6:13  Drone x3  
  80  6:15  Drone x2  
  85  6:19  Drone  
  85  6:25  Drone  
  87  6:28  Extractor  
  87  6:30  Extractor  
  85  6:34  Drone x2  
  85  6:37  Overseer  
  85  6:39  Overlord  
  87  6:43  Hatchery  
  86  6:48  Drone x3  
  86  6:50  Overlord  
  88  6:58  Overlord  
  88  7:00  Mutalisk x4  
  96  7:02  Zerg Flyer Weapons Level 1  
  96  7:07  Baneling Nest  
  95  7:08  Mutalisk  
  95  7:11  Mutalisk  
  95  7:13  Mutalisk  
  101  7:17  Mutalisk  
  101  7:20  Drone x2  
  101  7:22  Mutalisk  
  105  7:26  Mutalisk x2  
  105  7:28  Drone  
  112  7:31  Drone x2  
  112  7:32  Drone  
  112  7:36  Mutalisk  
  117  7:44  Mutalisk  
  117  7:45  Mutalisk x2  
  121  7:54  Drone  
  122  7:58  Extractor  
  122  7:59  Mutalisk  
  122  8:00  Mutalisk  
  121  8:07  Mutalisk  
  121  8:08  Extractor  
  118  8:13  Drone x9  
  118  8:19  Overlord  
  127  8:20  Centrifical Hooks  
  127  8:27  Zerg Ground Armor Level 2  
  127  8:28  Overlord  
  127  8:31  Overlord  
  127  8:34  Overlord, Hatchery  
  127  8:38  Pneumatized Carapace  
  127  8:40  Overseer x2  
  126  8:45  Overseer  
  126  8:46  Mutalisk  
  127  8:49  Zergling x16  
  133  8:55  Mutalisk x2  
  133  9:02  Drone x6  
  143  9:05  Drone x2  
  145  9:11  Mutalisk x2  
  145  9:14  Extractor  
  146  9:19  Extractor  
  146  9:20  Mutalisk x3  
  151  9:29  Mutalisk x2  
  142  9:39  Mutalisk x2  
  142  9:44  Drone x3  
  149  9:52  Zerg Flyer Weapons Level 2, Infestation Pit  
  148  9:54  Mutalisk  
  148  9:56  Zergling x24  
  148  9:59  Hatchery  
  161  10:02  Overlord  
  161  10:07  Mutalisk x2  
  165  10:16  Overlord x2  
  165  10:23  Mutalisk x4  
  173  10:31  Overlord  
  173  10:38  Hive  
  173  10:40  Overlord  
  173  10:46  Mutalisk x6  
  185  10:51  Extractor  
  185  10:52  Mutalisk x2  
  185  10:55  Extractor  
  181  10:57  Overseer  
  181  11:01  Overlord  
  181  11:04  Mutalisk x2  
  181  11:09  Zergling x28  
  191  11:12  Drone x3  
  191  11:13  Drone  
  191  11:17  Mutalisk  
  197  11:19  Baneling x2  
  197  11:20  Baneling x5  
  197  11:22  Baneling x4  
  197  11:23  Baneling x2  
  197  11:25  Baneling x3  
  197  11:27  Baneling x2  
  195  11:40  Mutalisk x2  
  195  11:43  Baneling x10  
  199  11:49  Mutalisk x2  
  197  11:58  Zergling x6  
  198  12:06  Ultralisk Cavern  
  198  12:08  Zerg Flyer Weapons Level 3  
  196  12:10  Drone x2  
  196  12:11  Zerg Ground Armor Level 3  
  198  12:21  Zerg Melee Weapons Level 3, Adrenal Glands  
  189  12:56  Viper x2  
  189  12:57  Viper  
  157  13:40  Ultralisk x8  
  195  13:41  Chitinous Plating  
  195  13:43  Drone  
  195  13:44  Overlord, Drone x2  
  195  13:47  Hydralisk Den  
  195  13:54  Ultralisk  
  195  14:05  Overseer  
  195  14:06  Overseer x3  
  195  14:07  Baneling x5  
  195  14:13  Spine Crawler  
  194  14:17  Overlord  
  194  14:30  Ultralisk  
  196  14:35  Spine Crawler  
  193  14:59  Overseer  
  197  15:15  Overseer  
  188  15:23  Overseer  
Show
View Real Time Build Order
Export as new Build Order

Guru Zerg 

Build Orders: Hatch First, Lurkers, Roach Hydra 

Get SALT Encoding   

  12  0:01  Drone  
  13  0:13  Overlord  
  13  0:17  Drone  
  14  0:31  Drone x2  
  14  0:35  Drone  
  17  0:51  Hatchery  
  17  0:54  Drone  
  17  1:08  Spawning Pool  
  17  1:10  Extractor  
  15  1:11  Drone  
  15  1:15  Drone  
  17  1:21  Drone  
  18  1:29  Drone  
  19  1:54  Queen  
  19  1:55  Zergling x2  
  22  2:03  Queen, Zergling x2  
  22  2:04  Zergling x4  
  22  2:08  Spine Crawler  
  26  2:12  Zergling x2  
  23  2:27  Metabolic Boost  
  23  2:29  Drone x2  
  24  2:32  Drone  
  24  2:36  Overlord  
  26  2:41  Overlord  
  26  2:46  Drone  
  27  2:52  Overlord  
  27  3:05  Drone  
  28  3:06  Drone x3  
  28  3:10  Drone  
  28  3:11  Drone  
  33  3:13  Drone  
  33  3:17  Drone  
  33  3:18  Drone  
  36  3:21  Drone  
  36  3:25  Drone  
  36  3:26  Drone  
  39  3:33  Overlord  
  39  3:47  Drone x3  
  39  3:48  Drone x2  
  44  3:53  Overlord  
  44  4:02  Hatchery  
  43  4:04  Queen  
  43  4:05  Drone  
  46  4:10  Extractor, Zergling x2  
  46  4:11  Zergling x2  
  47  4:17  Drone  
  47  4:18  Drone x5  
  47  4:19  Drone  
  54  4:26  Evolution Chamber  
  54  4:28  Drone x3  
  56  4:32  Drone  
  58  4:38  Drone  
  58  4:39  Roach Warren, Extractor  
  58  4:43  Overlord  
  56  4:46  Drone x2  
  56  4:49  Overlord  
  58  4:53  Overlord, Zerg Missile Weapons Level 1  
  58  4:55  Zergling x2  
  59  5:01  Overlord x2  
  59  5:19  Roach x6  
  59  5:21  Roach  
  72  5:23  Roach x2  
  72  5:27  Lair  
  75  5:32  Queen  
  75  5:33  Drone  
  78  5:43  Drone  
  78  5:44  Drone x4  
  78  5:47  Drone x2  
  78  5:48  Evolution Chamber, Drone x2  
  86  5:55  Spine Crawler, Drone x4  
  89  6:01  Queen  
  91  6:08  Spore Crawler  
  90  6:12  Drone x4  
  90  6:13  Drone x2  
  90  6:14  Zerg Ground Armor Level 1  
  90  6:18  Spore Crawler  
  95  6:19  Drone  
  95  6:24  Extractor, Spore Crawler  
  95  6:25  Queen, Extractor  
  90  6:27  Drone x2  
  90  6:28  Drone  
  90  6:31  Overlord  
  95  6:35  Glial Reconstitution  
  95  6:38  Overseer  
  95  6:39  Pneumatized Carapace  
  95  6:40  Burrow, Drone  
  95  6:45  Extractor  
  95  6:46  Drone  
  96  6:47  Drone  
  96  6:48  Overlord  
  96  6:53  Overlord  
  97  6:55  Drone  
  97  6:56  Overlord  
  97  6:58  Drone x2  
  100  7:01  Drone  
  100  7:02  Roach, Drone  
  100  7:03  Zerg Missile Weapons Level 2  
  100  7:04  Hydralisk Den  
  103  7:08  Drone  
  103  7:09  Spore Crawler  
  103  7:12  Drone x2  
  103  7:13  Roach  
  107  7:22  Roach x6  
  119  7:27  Overlord  
  119  7:31  Queen x4  
  119  7:36  Overlord  
  119  7:39  Drone  
  119  7:40  Hydralisk x4  
  119  7:42  Lurker Den  
  125  7:51  Overlord  
  125  7:56  Hydralisk x2  
  125  7:57  Hydralisk  
  125  7:58  Hydralisk  
  131  8:08  Hydralisk x3  
  131  8:12  Hydralisk x4  
  139  8:15  Overlord  
  139  8:19  Overlord  
  145  8:21  Muscular Augments  
  145  8:22  Overlord  
  145  8:27  Overlord x2  
  145  8:34  Spore Crawler  
  145  8:35  Spore Crawler, Drone  
  145  8:36  Spore Crawler, Drone  
  145  8:37  Drone  
  145  8:39  Hatchery  
  141  8:42  Hydralisk x3  
  141  8:43  Hydralisk  
  149  9:00  Drone x2  
  149  9:01  Hydralisk  
  149  9:02  Drone x2  
  155  9:04  Spore Crawler  
  155  9:07  Overseer  
  155  9:10  Spore Crawler, Lurker x3  
  155  9:12  Spore Crawler  
  155  9:14  Hydralisk x4  
  163  9:18  Spore Crawler  
  163  9:19  Spore Crawler  
  163  9:23  Roach  
  149  9:33  Grooved Spines  
  149  9:35  Hydralisk  
  147  9:41  Hydralisk x3  
  147  9:44  Drone x3  
  156  9:46  Spore Crawler x2  
  156  9:48  Zerg Ground Armor Level 2, Hydralisk x2  
  156  9:49  Hydralisk  
  156  9:52  Hydralisk  
  160  9:55  Hydralisk, Infestation Pit  
  162  10:00  Spore Crawler  
  162  10:02  Hydralisk  
  163  10:14  Hydralisk x3  
  163  10:15  Hydralisk  
  163  10:17  Overlord  
  163  10:19  Hydralisk  
  169  10:31  Overlord  
  169  10:32  Overlord x4  
  169  10:33  Overseer x2  
  169  10:39  Overlord x2  
  169  10:45  Lurker  
  169  10:48  Hive  
  164  10:58  Lurker x3, Infestor  
  170  11:04  Drone  
  170  11:25  Drone x3  
  173  11:26  Spore Crawler, Drone x2  
  172  11:33  Infestor  
  172  11:34  Infestor  
  172  11:38  Hydralisk x7  
  190  11:40  Hydralisk  
  190  11:52  Hydralisk x3  
  178  12:05  Queen  
  178  12:07  Viper  
  181  12:11  Overlord x2  
  181  12:14  Drone  
  182  12:15  Drone  
  182  12:16  Drone x3  
  182  12:20  Extractor  
  185  12:23  Extractor  
  185  12:26  Hatchery  
  185  12:29  Hydralisk  
  185  12:38  Hydralisk x5  
  185  12:39  Hatchery  
  185  12:42  Hydralisk  
  196  12:45  Drone x4  
  196  12:46  Spore Crawler  
  191  12:53  Viper x2  
  184  13:06  Drone  
  183  13:19  Drone x4  
  187  13:20  Spore Crawler, Drone x2  
  187  13:21  Drone  
  187  13:22  Spore Crawler  
  188  13:33  Unknown  
  164  13:38  Hydralisk x4  
  162  13:46  Hatchery  
  162  13:47  Queen  
  160  13:56  Viper  
  160  14:07  Hydralisk  
  160  14:08  Hydralisk x6  
  174  14:11  Roach  
  176  14:17  Roach, Extractor  
  176  14:20  Roach x2  
  176  14:21  Roach x2  
  183  14:34  Roach x4  
  191  14:42  Roach x2  
  191  14:44  Roach  
  195  14:48  Drone  
  195  14:50  Spore Crawler  
  195  14:51  Spore Crawler  
  194  14:55  Lurker x2  
  194  14:56  Lurker x2  
  198  15:03  Lurker  
  198  15:07  Lurker  
Tags
 
Add a new tag
Caveats
  • Supply blocks, unpowered buildings, or Contaminate may cause inaccurate times.
  • Supply counts are checked every 10 seconds.